 Dungeon Crawl Stone Soup version 0.31-a0-214-gb37851dbb3 (webtiles) character file.

Game seed: 13112155472039932385

83890 Brandom the Fighter (level 15, -2/127 HPs)
             Began as a Mummy Fighter on July 1, 2023.
             Was the Champion of Okawaru.
             Slain by a fire elemental (12 damage)
             ... summoned by a deep elf pyromancer
             ... on level 13 of the Dungeon.
             The game lasted 01:31:34 (23244 turns).

Brandom the Fighter (Mummy Fighter)                Turns: 23244, Time: 01:31:35

Health: -2/127     AC: 28    Str: 26    XL:     15   Next: 33%
Magic:  20/21      EV:  5    Int:  9    God:    Okawaru [******]
Gold:   1750       SH: 33    Dex: 11    Spells: 14/14 levels left

rFire   x . .        j - +1 eveningstar (heavy)
rCold   + . .        S - +18 shield of the Gong {Loud rN+ Will+ rCorr EV-5}
rNeg    + + +        o - +8 chain mail "Zutruzxy" {rPois Regen+ SInv}
rPois   ∞            u - +1 helmet
rElec   .            (no cloak)
rCorr   +            M - +0 pair of gloves {infuse}
SInv    +            e - +0 pair of boots
Will    ++...        x - amulet of reflection Stlth
                     O - +4 ring of protection
HPRegen 1.21/turn    k - ring of resist corrosion
MPRegen 0.17/turn

%: reflection, faith, infuse magic (1 MP)
@: no status effects
A: cold resistance 1, negative energy resistance 3, torment resistance 2, heat
vulnerability 1, in touch with death 2, no potions, faith
a: Renounce Religion, Heroism, Finesse, Duel


You were on level 13 of the Dungeon.
You worshipped Okawaru.
Okawaru was exalted by your worship.
You visited 4 branches of the dungeon, and saw 21 of its levels.
You also visited: Sewer and Ice Cave.

You collected 1845 gold pieces.
You spent 95 gold pieces at shops.

Inventory:

Hand Weapons
 j - a +1 heavy eveningstar (weapon)
   (Okawaru gifted it to you on level 9 of the Dungeon)
 m - a +1 great mace of protection
   (Okawaru gifted it to you on level 12 of the Dungeon)
 q - the +3 arbalest "Nuusaji" {antimagic, +Blink rPois rF- Stlth+}
   (You found it on level 2 of the Lair of Beasts)

   rF:        It makes you vulnerable to fire.
   rPois:     It protects you from poison.
   +Blink:    It lets you blink.
   Stlth:     It makes you more stealthy.
Missiles
 c - 2 throwing nets {!f}
 A - 8 curare-tipped darts (quivered) {!f}
 C - 19 poisoned darts
 E - 12 boomerangs
 G - an atropa-tipped dart
 V - a javelin
Armour
 a - a scarf of repulsion
   (You found it on level 9 of the Dungeon)
 e - a +0 pair of boots (worn)
   (You found it on level 1 of the Dungeon)
 o - the +8 chain mail "Zutruzxy" (worn) {rPois Regen+ SInv}
   (Okawaru gifted it to you on level 10 of the Dungeon)

   rPois:     It protects you from poison.
   SInv:      It lets you see invisible.
   Regen:     It increases your rate of health regeneration.
 u - a +1 helmet (worn)
   (You took it off Robin on level 2 of the Dungeon)
 M - a +0 pair of gloves of infusion (worn)
   (You found it on level 5 of the Lair of Beasts)
 P - a scarf of resistance
   (You found it on level 11 of the Dungeon)
 R - an orb of light
   (You found it on level 5 of the Lair of Beasts)
 S - the +18 shield of the Gong (worn) {Loud rN+ Will+ rCorr EV-5}
   (You found it on level 5 of the Lair of Beasts)

   Loud:      It is deafeningly noisy when blocking attacks.
   EV:        It affects your evasion (-5).
   rN:        It protects you from negative energy.
   rCorr:     It protects you from acid and corrosion.
   Will:      It increases your willpower.
 U - a +2 cloak of preservation
   (You found it in an ice cave)
Jewellery
 k - a ring of resist corrosion (right hand)
   (You found it on level 9 of the Dungeon)
 l - a +6 ring of intelligence
   (You found it on level 8 of the Dungeon)
 x - an amulet of reflection (around neck)
   (You found it on level 6 of the Dungeon)
 z - an amulet of the acrobat
   (You found it on level 3 of the Lair of Beasts)
 N - a ring of fire
   (You found it on level 5 of the Dungeon)
 O - a +4 ring of protection (left hand)
   (You found it on level 5 of the Dungeon)
 X - a ring of wizardry
   (You found it on level 11 of the Dungeon)
Wands
 b - a wand of charming (26)
   (You found it on level 5 of the Dungeon)
 d - a wand of iceblast (4)
   (You took it off an orc on level 9 of the Dungeon)
 f - a wand of mindburst (7)
   (You took it off Pikel on level 9 of the Dungeon)
 t - a wand of flame (86)
   (You found it on level 8 of the Dungeon)
 v - a wand of digging (7)
   (You found it on level 1 of the Lair of Beasts)
Scrolls
 g - 3 scrolls of blinking
 h - 4 scrolls of immolation {!r}
 i - 4 scrolls of brand weapon
 n - 2 scrolls of butterflies
 p - 6 scrolls of enchant weapon
 s - 13 scrolls of teleportation {@r4}
 w - 4 scrolls of enchant armour
 y - 3 scrolls of identify {@r1}
 B - a scroll of torment
 D - 2 scrolls of revelation
 F - 2 scrolls of amnesia
 H - a scroll of fog
 I - a scroll of fear
 J - 5 scrolls of vulnerability {!r}
 K - 3 scrolls of noise {!r}
 L - 3 scrolls of acquirement {unknown}
 Q - a scroll of poison
Miscellaneous
 r - a lightning rod (4/4) {!a}
   (You found it on level 12 of the Dungeon)
 T - a condenser vane
   (You found it on level 12 of the Dungeon)


   Skills:
 * Level 14.4 Fighting
 * Level 12.0 Maces & Flails
 - Level 3.0 Ranged Weapons
 + Level 3.6 Throwing
 + Level 9.5 Armour
 + Level 5.3 Dodging
 + Level 9.4 Shields
 + Level 8.7 Invocations


You had 14 spell levels left.
You didn't know any spells.
Your spell library contained the following spells:

 Spells                   Type           Power      Damage    Failure   Level
 Shock                    Conj/Air       0%         1d3       95%         1
 Blink                    Tloc           0%         N/A       99%         2
 Ensorcelled Hibernation  Hex/Ice        0%         N/A       99%         2
 Poisonous Vapours        Pois/Air       0%         N/A       99%         2
 Static Discharge         Conj/Air       0%         2-2/arc   99%         2
 Portal Projectile        Hex/Tloc       0%         N/A       100%        3
 Swiftness                Air            0%         N/A       100%        3
 Vhi's Electric Charge    Tloc/Air       0%         N/A       100%        3
 Airstrike                Air            0%         2d(0-16)  100%        4
 Anguish                  Hex/Necr       0%         N/A       100%        4
 Leda's Liquefaction      Hex/Erth       0%         N/A       100%        4
 Manifold Assault         Tloc           0%         N/A       100%        4
 Orb of Destruction       Conj           0%         9d5       100%        7
 Ozocubu's Refrigeration  Ice            0%         4d7       100%        7
 Polar Vortex             Ice            0%         N/A       100%        9
 Call Canine Familiar     Summ           Unusable   N/A       N/A         3
 Spider Form              Tmut/Pois      Unusable   N/A       N/A         3
 Summon Guardian Golem    Hex/Summ       Unusable   N/A       N/A         3
 Tukima's Dance           Hex            Unusable   N/A       N/A         3
 Summon Lightning Spire   Summ/Air       Unusable   N/A       N/A         4
 Blade Hands              Tmut           Unusable   N/A       N/A         5
 Simulacrum               Ice/Necr       Unusable   N/A       N/A         6
 Spellforged Servitor     Conj/Summ      Unusable   N/A       N/A         7
 Storm Form               Tmut/Air       Unusable   N/A       N/A         7

Dungeon Overview and Level Annotations

Branches:
Dungeon (13/15)            Temple (1/1) D:5            Lair (5/5) D:9
 Shoals (0/4) Lair:2       Spider (0/4) Lair:2        Slime (0/5) Lair:5
    Orc (2/2) D:10            Elf (0/3) Orc:2        Vaults (0/5) D:13
  Sewer (visited)           IceCv (visited)

Altars:
Ashenzari
Cheibriados
Dithmenos
Fedhas
Gozag
Hepliaklqana
Kikubaaqudgha
Makhleb
Nemelex Xobeh
Okawaru
Qazlal
Ru
Sif Muna
Trog
Uskayaw
Vehumet
Wu Jian
Xom
Yredelemnul
Jiyva

Shops:
D:3 =   D:4 ?   D:5 !   D:8 !   D:13 *   Orc:2 !::[

Annotations:
D:9 2 transporters, discopopstar's ghost, journeyman FeSu
D:12 1 runed translucent door, nono's ghost, journeyman FoDe
Lair:1 exclusion: 3 oklob plants


Innate Abilities, Weirdness & Mutations

You are immune to poison.
Your flesh is cold resistant. (rC+)
You are immune to negative energy. (rN+++)
You are immune to unholy pain and torment.
You are vulnerable to heat. (rF-)
You are strongly in touch with the powers of death.
You do not drink.
You have a special connection with the divine. (Faith)


Message History

The fire elemental barely misses you. The fire elemental hits you.
The fire elemental burns you! The fire burns you terribly!
You closely miss the deep elf pyromancer.
You block the fire elemental's attack.
SHROANNG!
You block the fire elemental's attack.
SHROANNG!
You block the fire elemental's attack.
GONNNNG!
The deep elf pyromancer hits you but does no damage.
The fire elemental hits you. The fire elemental burns you!
The fire burns you terribly!
* * * LOW HITPOINT WARNING * * *
The fire elemental hits you. x2; The fire elemental burns you!
The fire burns you terribly!
* * * LOW HITPOINT WARNING * * *
You hear a shout!
You barely miss the deep elf pyromancer.
You block the fire elemental's attack.
GONNNNG!
The fire elemental hits you. The fire elemental burns you!
* * * LOW HITPOINT WARNING * * *
You block the deep elf pyromancer's attack.
BONNNG!
The fire elemental hits you. You block the fire elemental's attack.
BOUMMMMG!
The fire elemental hits you. The fire elemental burns you!
The fire burns you terribly!
* * * LOW HITPOINT WARNING * * *
The fire elemental hits you. The fire elemental burns you!
The fire burns you terribly!
* * * LOW HITPOINT WARNING * * *
The deep elf pyromancer hits you but does no damage.
You hear a shout!
Unknown command.
You thump the deep elf pyromancer! You block the fire elemental's attack.
GONNNNG!
The fire elemental hits you. The fire elemental burns you!
The fire burns you terribly!
* * * LOW HITPOINT WARNING * * *
You block the fire elemental's attack.
SHROANNG!
The deep elf pyromancer hits you with a +0 rapier!
* * * LOW HITPOINT WARNING * * *
The fire elemental completely misses you.
You block the fire elemental's attack.
GONNNNG!
The fire elemental hits you. The fire elemental burns you!
The fire burns you terribly!
You die...

,,* *,,,..........##
,,* *,,,,..........#
,,* **,,,,,......#.##
,** *,,,,**#...###..#
,* *,,,,,*##.###..##
,****,,,,,,*####....#
,,**,,,,,,,,#).....##
,,**,,,,*#.$###eEE..#
,,,,,,,*##...##.@..##
,,,,,***#....#...E..#
,,,,** *#....#.....##
***** *#............#
****#.........)..##
***,,,..............#
******,............##
,,** *,.............#
,,** *,..........☼○##


You could see a deep elf pyromancer and 3 fire elementals.

Vanquished Creatures
  Rupert (Lair:4)
  Nessos (Lair:4)
  A vault guard (D:12)
  5 hydras
  Fannar (D:12)
  Erolcha (D:11)
  4 boulder beetles
  5 catoblepae
  An ogre mage (Orc:2)
  7 two-headed ogres
  Erica (D:9)
  12 death yaks
  Nergalle (Orc:2)
  Sonja (Lair:4)
  Lodul (D:10)
  A skeletal warrior (D:12)
  An orb spider (Lair:2)
  7 wizards
  Pikel (D:9)
  3 deep elf pyromancers (D:12)
  2 deep elf zephyrmancers
  An orc knight (Orc:2)
  A wolf spider (Lair:2)
  10 orc sorcerers
  3 ugly things
  An elephant (Lair:3)
  5 cyclopes
  2 manticores (Lair:5)
  2 ice statues (IceCv)
  4 black mambas
  A gargoyle (D:12)
  Joseph (D:8)
  19 cane toads
  10 komodo dragons
  An efreet (D:13)
  2 unseen horrors
  8 trolls
  Prince Ribbit (D:8)
  18 blink frogs
  5 dream sheep
  6 slime creatures
  2 wraiths (D:11)
  2 shadows
  70 yaks
  A vampire (D:9)
  6 wyverns
  6 basilisks
  2 steam dragons
  A harpy simulacrum (IceCv)
  6 wargs
  3 acid dragons
  9 water moccasins
  5 black bears
  13 orc warriors
  A sky beast (D:7)
  3 ice beasts
  14 wolves
  17 ogres
  5 centaurs
  2 lemures
  2 kobold brigands (Sewer)
  13 bullfrogs
  A cane toad simulacrum (D:13)
  2 gnoll sergeants
  3 scorpions
  2 two-headed ogre simulacra (D:13)
  13 wights
  2 jellies (D:6)
  3 elephant simulacra
  4 killer bees (D:10)
  3 howler monkeys
  A crimson imp (D:10)
  5 orc priests
  A gnoll bouda (D:6)
  6 hounds
  A sleepcap (D:6)
  6 iguanas
  A hell rat (Lair:5)
  33 orc wizards
  A polar bear simulacrum (IceCv)
  2 troll simulacra (D:13)
  Robin (D:2)
  11 adders
  20 gnolls
  2 naga simulacra (D:13)
  6 river rats
  A shadow imp (D:5)
  A white imp (D:6)
  3 worms (D:4)
  3 dart slugs
  65 orcs
  10 endoplasms
  2 giant cockroaches (Sewer)
  15 goblins
  8 hobgoblins
  6 jackals
  4 quokkas
  8 ball pythons
  9 bats
  2 frilled lizards
  25 kobolds
  20 rats
  A butterfly (Lair:4)
655 creatures vanquished.

Vanquished Creatures (others)
  A wizard (D:13)
  A manticore (D:12)
  An orc wizard (Orc:2)
3 creatures vanquished.

Grand Total: 658 creatures vanquished

Notes
Turn   | Place    | Note
-------+----------+-------------------------------------------
     0 | D:1      | Brandom the Mummy Fighter began the quest for the Orb.
     0 | D:1      | Reached XP level 1. HP: 18/18 MP: 1/1
    68 | D:1      | Found a faded altar of an unknown god.
   149 | D:1      | Reached XP level 2. HP: 24/24 MP: 2/2
   825 | D:2      | Gained mutation: You are in touch with the powers of death.
                  | [Mummy growth]
   825 | D:2      | Reached XP level 3. HP: 29/29 MP: 3/3
  1049 | D:2      | Reached XP level 4. HP: 28/35 MP: 4/4
  1636 | D:2      | Noticed Robin
  1652 | D:2      | Killed Robin
  1691 | D:2      | Reached XP level 5. HP: 34/42 MP: 5/5
  2350 | D:3      | Reached skill level 4 in Fighting
  2604 | D:3      | Found Dod Viky's Jewellery Shop.
  3142 | D:4      | Found a burning altar of Makhleb.
  3198 | D:4      | Reached XP level 6. HP: 48/48 MP: 6/6
  3321 | D:4      | Reached skill level 1 in Ranged Weapons
  3381 | D:4      | Found a glowing drain.
  3408 | Sewer    | Entered a sewer
  3725 | Sewer    | Reached XP level 7. HP: 54/55 MP: 7/7
  4202 | D:4      | Found Bissaemp's Magic Scroll Shoppe.
  4507 | D:4      | Bought a scroll of enchant weapon for 75 gold pieces
  4507 | D:4      | Bought a scroll of identify for 20 gold pieces
  4564 | D:5      | Entered Level 5 of the Dungeon
  4564 | D:5      | Found Jifif's Distillery.
  4578 | D:5      | Reached skill level 5 in Fighting
  4892 | D:5      | Reached XP level 8. HP: 58/62 MP: 8/8
  5021 | D:5      | Found a staircase to the Ecumenical Temple.
  5027 | Temple   | Entered the Ecumenical Temple
  5101 | Temple   | Became a worshipper of Warmaster Okawaru
  5616 | D:6      | Got the Encyclopedia of Feathers
  5626 | D:6      | Reached skill level 1 in Invocations
  5992 | D:6      | Reached * piety under Okawaru
  6325 | D:6      | Reached skill level 6 in Fighting
  6759 | D:6      | Reached ** piety under Okawaru
  6760 | D:6      | Reached skill level 5 in Armour
  6760 | D:6      | Reached XP level 9. HP: 34/70 MP: 10/10
  7125 | D:6      | You fall into a shaft and drop 3 floors!
  7194 | D:8      | Reached skill level 5 in Maces & Flails
  7296 | D:8      | Reached skill level 5 in Shields
  7392 | D:8      | Reached skill level 7 in Fighting
  7447 | D:8      | Found Reudaov's Distillery.
  7475 | D:8      | Reached *** piety under Okawaru
  8783 | D:8      | Reached XP level 10. HP: 72/80 MP: 12/12
  9020 | D:8      | Reached **** piety under Okawaru
  9144 | D:8      | Noticed Joseph
  9155 | D:8      | Killed Joseph
  9156 | D:8      | Reached skill level 8 in Fighting
  9214 | D:8      | Noticed Prince Ribbit
  9225 | D:8      | Killed Prince Ribbit
  9383 | D:9      | Noticed Erica
  9392 | D:9      | Killed Erica
  9467 | D:9      | Noticed a two-headed ogre
  9503 | D:9      | Noticed Pikel
  9616 | D:9      | Killed a two-headed ogre
  9616 | D:9      | Reached ***** piety under Okawaru
  9715 | D:9      | Noticed discopopstar's ghost (journeyman FeSu)
  9717 | D:9      | Found a transporter.
  9720 | D:9      | Noticed a moth of wrath
  9837 | D:9      | Found a transporter.
 10027 | D:9      | Found a staircase to the Lair.
 10032 | D:9      | Noticed a cyclops
 10065 | D:9      | Killed a cyclops
 10066 | D:9      | Reached skill level 9 in Fighting
 10145 | D:9      | Noticed a two-headed ogre
 10182 | D:9      | Killed a two-headed ogre
 10182 | D:9      | Received a gift from Okawaru
 10183 | D:9      | Reached XP level 11. HP: 21/89 MP: 14/14
 11069 | D:9      | Killed Pikel
 11154 | D:10     | Entered Level 10 of the Dungeon
 11337 | D:10     | Identified the +8 chain mail "Zutruzxy" {rPois Regen+ SInv}
                  | (Okawaru gifted it to you on level 10 of the Dungeon)
 11337 | D:10     | Received a gift from Okawaru
 11355 | D:10     | Reached skill level 5 in Invocations
 11558 | D:10     | Noticed Lodul
 11587 | D:10     | Killed Lodul
 11593 | D:10     | Reached skill level 10 in Fighting
 11678 | D:10     | Noticed a wizard
 11685 | D:10     | Killed a wizard
 11754 | D:10     | Found a staircase to the Orcish Mines.
 11982 | Lair:1   | Entered Level 1 of the Lair of Beasts
 12348 | Lair:1   | Reached XP level 12. HP: 99/99 MP: 16/16
 12501 | Lair:1   | Reached ****** piety under Okawaru
 12691 | Lair:1   | Reached skill level 11 in Fighting
 12827 | Lair:1   | Identified the +1 broad axe of Qemixut {freeze, Fly Str-2
                  | Dex+5 Stlth-} (Okawaru gifted it to you on level 1 of the
                  | Lair of Beasts)
 12827 | Lair:1   | Received a gift from Okawaru
 13071 | Lair:2   | Found a hole to the Spider Nest.
 13088 | Lair:2   | Noticed a death yak
 13088 | Lair:2   | Noticed a death yak
 13088 | Lair:2   | Noticed a death yak
 13088 | Lair:2   | Noticed a death yak
 13088 | Lair:2   | Noticed a death yak
 13137 | Lair:2   | Found a staircase to the Shoals.
 13175 | Lair:2   | Identified the +3 arbalest "Nuusaji" {antimagic, +Blink
                  | rPois rF- Stlth+}
 13242 | Lair:1   | Killed a death yak
 13256 | Lair:2   | Killed a death yak
 13300 | Lair:2   | Killed a death yak
 13619 | Lair:2   | Killed a death yak
 13643 | Lair:2   | Killed a death yak
 13647 | Lair:2   | Reached skill level 1 in Dodging
 13910 | Lair:2   | Received a gift from Okawaru
 14104 | Lair:2   | Noticed a six-headed hydra
 14115 | Lair:2   | Killed a six-headed hydra
 14116 | Lair:2   | Gained mutation: You are strongly in touch with the powers
                  | of death. [Mummy growth]
 14116 | Lair:2   | Reached XP level 13. HP: 97/107 MP: 16/18
 14269 | Lair:3   | Reached skill level 12 in Fighting
 14396 | Lair:3   | Reached skill level 10 in Maces & Flails
 15205 | Lair:4   | Noticed Nessos
 15262 | Lair:4   | Killed Nessos
 15325 | Lair:4   | Received a gift from Okawaru
 15644 | Lair:4   | Noticed Sonja
 15776 | Lair:4   | Killed Sonja
 16481 | Lair:5   | Entered Level 5 of the Lair of Beasts
 16481 | Lair:5   | Noticed Rupert
 16496 | Lair:4   | Killed Rupert
 16568 | Lair:5   | Received a gift from Okawaru
 16593 | Lair:5   | Reached skill level 13 in Fighting
 16758 | Lair:5   | Received a gift from Okawaru
 16922 | Lair:5   | Reached XP level 14. HP: 114/118 MP: 19/19
 17093 | Lair:5   | Found a staircase to the Slime Pits.
 17094 | Lair:5   | Found a viscous altar of Jiyva.
 17330 | Lair:5   | Reached skill level 1 in Throwing
 17691 | Lair:5   | Found the +18 shield of the Gong {Loud rN+ Will+ rCorr
                  | EV-5}
 18059 | Orc:1    | Entered Level 1 of the Orcish Mines
 18059 | Orc:1    | Found a runed translucent door.
 18070 | Orc:1    | Received a gift from Okawaru
 18439 | Orc:2    | Entered Level 2 of the Orcish Mines
 18561 | Orc:2    | Found a staircase to the Elven Halls.
 19101 | Orc:2    | Noticed Nergalle
 19130 | Orc:2    | Killed Nergalle
 19252 | Orc:2    | Found a radiant altar of Vehumet.
 19339 | Orc:2    | Found Baycrem's Distillery.
 19549 | Orc:2    | Found an ancient bone altar of Kikubaaqudgha.
 19608 | Orc:2    | Found Tixzaesh's Book Emporium.
 19678 | Orc:2    | Found Lagaomm's Antique Armour Emporium.
 19697 | Orc:2    | Found Konkos's Book Shoppe.
 19886 | Orc:2    | Identified the +1 robe "Igaoruavug" {Dex+4} (Okawaru gifted
                  | it to you on level 2 of the Orcish Mines)
 19886 | Orc:2    | Received a gift from Okawaru
 20534 | D:11     | Found a stormy altar of Qazlal.
 20719 | D:11     | Noticed Erolcha
 20761 | D:11     | Killed Erolcha
 21211 | D:12     | Noticed Fannar
 21311 | D:11     | Reached skill level 14 in Fighting
 21365 | D:12     | Killed Fannar
 21699 | D:12     | Found a runed translucent door.
 21700 | D:12     | Noticed nono's ghost (journeyman FoDe)
 21701 | D:12     | Identified the +5 spear of Incongruity {antimagic, rPois
                  | Dex+5 SInv}
 21780 | D:12     | Reached XP level 15. HP: 126/126 MP: 16/21
 21780 | D:12     | Received a gift from Okawaru
 22141 | D:12     | Reached skill level 5 in Dodging
 22280 | D:13     | Found Gozag's Platinum Reserve.
 22293 | D:13     | Found an opulent altar of Gozag.
 22310 | D:13     | Found a gate to the Vaults.
 22371 | D:13     | Found a frozen archway.
 22400 | IceCv    | Entered an ice cave
 22456 | IceCv    | Found a transporter.
 22468 | IceCv    | Found a transporter.
 22730 | D:12     | Received a gift from Okawaru
 23210 | D:13     | Identified the +0 mace of Ancient Evil {antimagic, Int+5
                  | Stlth-}
 23244 | D:13     | Slain by a fire elemental

Illustrated notes

Levels and vault maps discovered:
D:1:      minmay_arrival_four_circles, layout_loops_ring,
          chequers_ecumenical_altar_simple, corexii_leaking_fountain
D:2:      layout_loops_corners, uniq_robin
D:3:      layout_basic, serial_shops, shop
D:4:      layout_basic, old_standard_altar, serial_shops,
          nicolae_inconvenience_store, lightli_sewer_entry_pipes
D:5:      layout_cave_pools, minmay_temple_entry_hall, serial_shops, shop
D:6:      black_bear_nest_1, layout_loops_corners
D:7:      layout_loops_ring
D:8:      layout_loops_ring, nicolae_stop_n_shop_1, nrook_loot_triangle,
          uniq_prince_ribbit1, uniq_joseph
D:9:      layout_irregular_city, erik_lair_orcish_takeover,
          gammafunk_ghost_berserking_beasts, uniq_erica, uniq_pikel
D:10:     layout_rooms, david_orc_2, minmay_splitting_lines,
          lightli_wizard_tower, uniq_lodul
D:11:     layout_small_grid, grunt_qazlal_sundering, uniq_erolcha
D:12:     kennysheep_blocky_room, layout_rooms, ebering_ghost_funeral_grove,
          uniq_fannar
D:13:     minmay_tri_stars, layout_irregular_city, david_vaults_5,
          portal_ice_cave_entry_ice_simulacra, grunt_ministairs_1,
          nicolae_gozag_zags_fifth_avenue
Temple:   regret_index_temple_sigil_plot
Lair:1:   minmay_lair_oklob_chamber, layout_long_grid, serial_bayou_shore_b,
          infiniplex_staircase_pool, grunt_megastairs_5
Lair:2:   cheibrodos_lair_river_kwai, layout_regular_city,
          elwin_shoals_entry_rocks, nicolae_spider_entry_orb_guardian,
          nicolae_lair_run_with_the_wolves
Lair:3:   nzn_winding_woodlands_medium [nzn_winding_woodlands_hourglass,
          nzn_winding_woodlands_5x15_default, nzn_winding_woodlands_5x5_cross,
          nzn_winding_woodlands_5x5_three,
          nzn_winding_woodlands_center_diamonds,
          nzn_winding_woodlands_5x5_perimeter,
          nzn_winding_woodlands_5x5_open_star, nzn_winding_woodlands_5x15_cabin,
          nzn_winding_woodlands_5x5_closed_star], layout_chaotic_city,
          serial_bayou_shore_b
Lair:4:   layout_cave_pods, st_stairs_7, chequers_serial_rivers_micro_d,
          lemuel_fruit_fields, uniq_sonja, uniq_nessos
Lair:5:   evilmike_catoblepas_cave, layout_regular_city, slime_entry_1,
          kennysheep_abandoned_house, uniq_rupert
Orc:1:    layout_caves, abandoned_shop, lightli_church_of_beogh
Orc:2:    kennysheep_orc_mage_school, layout_diamond_mine

Skill      XL: |  1  2  3  4  5  6  7  8  9 10 11 12 13 14 15 |
---------------+----------------------------------------------+-----
Maces & Flails | 2 3 4 6 7 8 9 10 11 12 | 12.0
Armour         | 3 4 5 6 7 8 9 |  9.5
Shields        | 3 4 5 6 7 8 9 |  9.4
Fighting       | 4 5 6 7 9 10 11 13 14 | 14.4
Ranged Weapons | 1 2 3 |  3.0
Invocations    | 2 3 4 5 6 7 8 |  8.7
Dodging        | 1 3 4 5 |  5.3
Throwing       | 3 |  3.6

Action                     |  1- 3 |  4- 6 |  7- 9 | 10-12 | 13-15 || total
---------------------------+-------+-------+-------+-------+-------++-------
  Melee: Flail             |   148 |   274 |   504 |       |       ||   926
         Mace              |       |       |    27 |   156 |       ||   183
         Eveningstar       |       |       |       |   412 |   861 ||  1273
   Fire: Sling             |       |    93 |    70 |       |       ||   163
  Throw: Dart              |       |       |     7 |    10 |     3 ||    20
 Invoke: Heroism           |       |       |       |    10 |     8 ||    18
         Finesse           |       |       |       |     2 |     4 ||     6
  Evoke: Wand              |       |       |       |    12 |     4 ||    16
    Use: Scroll            |       |       |    10 |     6 |     1 ||    17
 Armour: Scale mail        |    90 |   105 |       |       |       ||   195
         Chain mail        |       |    73 |   350 |   297 |   522 ||  1242
         Plate armour      |       |       |     8 |   101 |       ||   109
  Dodge: Dodged            |    82 |   149 |   207 |   232 |   227 ||   897
         Repelled          |       |       |       |     1 |     3 ||     4
  Block: Buckler           |    40 |    86 |   217 |   403 |   274 ||  1020
         Reflection        |       |       |     4 |     8 |    35 ||    47
         Kite shield       |       |       |       |       |   750 ||   750

Table legend: (Time is in decaauts)
 A = Elapsed time spent in this place.
 B = Non-inter-level travel time spent in this place.
 C = Inter-level travel time spent in this place.
 D = Time resting spent in this place.
 E = Time spent auto-exploring this place.
 F = Levels seen in this place.
 G = Mean time per level.
                   A        B        C        D        E       F      G
               +--------+--------+--------+--------+--------+-----+--------+
         Total |  24267 |  23400 |    867 |   1740 |  13296 |  23 | 1055.1 |
       Dungeon |  14484 |  14001 |    483 |   1196 |   8104 |  13 | 1114.2 |
        Temple |    288 |    288 |      0 |      0 |    246 |   1 |  288.0 |
          Lair |   6375 |   6141 |    234 |    134 |   3792 |   5 | 1275.0 |
  Orcish Mines |   2262 |   2112 |    150 |    209 |   1109 |   2 | 1131.0 |
         Sewer |    717 |    717 |      0 |    171 |     45 |   1 |  717.0 |
      Ice Cave |    138 |    138 |      0 |     30 |      0 |   1 |  138.0 |
               +--------+--------+--------+--------+--------+-----+--------+

Top non-repeatable levels by time:
     D:9: 1864 daAuts
     D:6: 1737 daAuts
   Orc:2: 1611 daAuts
     D:2: 1553 daAuts
  Lair:5: 1543 daAuts
  Lair:4: 1453 daAuts
     D:8: 1371 daAuts
  Lair:2: 1239 daAuts
    D:12: 1228 daAuts
     D:4: 1130 daAuts
  Lair:1: 1118 daAuts
    D:11: 1079 daAuts
  Lair:3: 1021 daAuts
    D:10: 1002 daAuts
     D:3: 825 daAuts
